 Dungeon Crawl Stone Soup version 0.32-a0-42-ga30500b4d3 (webtiles) character file.

Game seed: 5228029565093605979

784 cowhearter the Slasher (level 7, 0/79 HPs)
             Began as a Demonspawn Gladiator on Jan 31, 2024.
             Was an Initiate of Sif Muna.
             Incinerated by a bombardier beetle (3 damage)
             ... with a burning spray
             ... on level 6 of the Dungeon.
             The game lasted 00:12:36 (4629 turns).

cowhearter the Slasher (Demonspawn Gladiator)       Turns: 4629, Time: 00:12:36

Health: 0/79       AC: 23    Str: 16    XL:     7   Next: 55%
Magic:  7/7        EV:  2    Int:  8    God:    Sif Muna [......]
Gold:   385        SH:  0    Dex: 15    Spells: 6/6 levels left

rFire   . . .        a - +0 long sword
rCold   + . .        (no shield)
rNeg    . . .        w - melded +2 ring mail {rC+}
rPois   +            j - melded +2 helmet
rElec   .            s - melded +0 cloak
rCorr   .            (gloves currently unavailable)
SInv    .            C - melded +0 pair of boots
Will    +....        D - amulet of magic regeneration
Stlth   +            g - ring of protection from cold
HPRegen 0.33/turn    G - ring of willpower
MPRegen 0.50/turn

%: no passive effects
@: on fire, tree-form, hasted, glowing, studying Short Blades, very quick
A: stationary, stasis, torment immunity, boosted hp, (molten scales 1), demonic
magic 2
a: Renounce Religion


You were on level 6 of the Dungeon.
You worshipped Sif Muna.
Sif Muna was noncommittal.
You were a tree.
You visited 2 branches of the dungeon, and saw 7 of its levels.

You collected 385 gold pieces.

Inventory:

Hand Weapons
 a - a +0 long sword (weapon)
Missiles
 d - 3 throwing nets (quivered)
 e - a javelin
 m - 9 poisoned darts
Armour
 b - a +0 leather armour
 c - a +0 helmet
 j - a +2 helmet (melded)
 s - a +0 cloak (melded)
 w - a +2 ring mail of cold resistance (melded)
 C - a +0 pair of boots (melded)
Jewellery
 g - a ring of protection from cold (left branch)
 D - an amulet of magic regeneration (around neck)
 E - a ring of positive energy
 G - a ring of willpower (right branch)
 H - a ring of magical power
Talismans
 k - a beast talisman
Wands
 q - a wand of flame (27)
Scrolls
 h - 3 scrolls of teleportation {unknown}
 l - a scroll of amnesia {unknown}
 n - 2 scrolls of fog {unknown}
 p - 2 scrolls of immolation {unknown}
 r - 2 scrolls of enchant armour {unknown}
 t - a scroll of acquirement {unknown}
 v - a scroll of butterflies {unknown}
 x - 5 scrolls of identify {unknown}
 y - a scroll of vulnerability {unknown}
 B - a scroll of fear {unknown}
Potions
 u - a potion of haste
 z - a potion of magic {unknown}
 A - a potion of degeneration {unknown}
 F - a potion of cancellation {unknown}


   Skills:
 + Level 3.9 Fighting
 + Level 6.1 Long Blades
 + Level 1.8 Throwing
 + Level 2.6 Armour
 + Level 4.1 Dodging
 + Level 0.7 Stealth


You had 6 spell levels left.
You didn't know any spells.
Your spell library contained the following spells:

 Spells                   Type           Power      Damage    Failure   Level
 Dazzling Flash           Conj/Hex       0%         N/A       78%         3
 Volatile Blastmotes      Fire/Tloc      0%         2d10      78%         3
 Starburst                Conj/Fire      0%         6d3       100%        6
 Maxwell's Capacitive Co  Air            0%         ∞         100%        8


Dungeon Overview and Level Annotations

Branches:
Dungeon (6/15)             Temple (1/1) D:5

Altars:
Fedhas
Gozag
Hepliaklqana
Kikubaaqudgha
Makhleb
Nemelex Xobeh
Sif Muna
Trog
Uskayaw
Wu Jian
Xom

Shops:
D:5 :


Innate Abilities, Weirdness & Mutations

You are a tree.
Your roots penetrate the ground, keeping you stationary.
You cannot be teleported.
You are immune to unholy pain and torment.
Your maximum health is greatly increased.
Your equipment is partially melded.
((You are partially covered in molten scales. (AC +2)))
Spells you cast may paralyse nearby enemies.


Message History

The bombardier beetle bites you but does no damage.
You hit the bombardier beetle.
You kill the bombardier beetle!
Sif Muna accepts your kill. The liquid fire burns you!
* * * LOW HITPOINT WARNING * * *
It was a potion of lignification.
You turn into a tree.
Your +0 cloak melds into your body.
Your +2 helmet melds into your body.
Your +0 pair of boots melds into your body.
Your +2 ring mail of cold resistance melds into your body.
You feel less resistant to cold.
Your roots penetrate the ground.
The liquid fire burns you!
* * * LOW HITPOINT WARNING * * *
You cannot move.
You cannot move.
You cannot move.
You are on fire!
You are on fire!
It was a potion of heal wounds.
You feel much better. The liquid fire burns you! The liquid fire burns you!
The liquid fire burns you! The liquid fire burns you!
* * * LOW HITPOINT WARNING * * *
The liquid fire burns you!
* * * LOW HITPOINT WARNING * * *
The liquid fire burns you!
* * * LOW HITPOINT WARNING * * *
The liquid fire burns you!
* * * LOW HITPOINT WARNING * * *
The liquid fire burns you!
* * * LOW HITPOINT WARNING * * *
The liquid fire burns you!
* * * LOW HITPOINT WARNING * * *
The liquid fire burns you!
* * * LOW HITPOINT WARNING * * *
The liquid fire burns you!
* * * LOW HITPOINT WARNING * * *
The liquid fire burns you!
You die...

#..##.........###
#...##..........###
#....#....######..#
#........## ####
#.......##
...##...## ..
##...### #.....##
##...♣.# #.......#
#.........#
#...........
#..######### #..#
#.. #..


There were no monsters in sight!

Vanquished Creatures
  A kobold brigand (D:5)
  A scorpion (D:4)
  3 bombardier beetles
  An orc priest (D:5)
  A hound (D:4)
  2 gnoll boudas
  6 iguanas
  2 sleepcaps (D:5)
  An orc wizard (D:3)
  2 adders
  7 gnolls
  2 ufetubi (D:5)
  5 dart slugs
  A ribbon worm (D:4)
  12 orcs
  6 endoplasms
  2 giant cockroaches
  10 hobgoblins
  4 jackals
  10 kobolds
  3 quokkas
  4 ball pythons
  6 bats
  3 frilled lizards
  8 goblins
  5 rats
108 creatures vanquished.

Vanquished Creatures (others)
  A human (D:4)
1 creature vanquished.

Grand Total: 109 creatures vanquished

Notes
Turn   | Place    | Note
-------+----------+-------------------------------------------
     0 | D:1      | cowhearter the Demonspawn Gladiator began the quest for the
                  | Orb.
     0 | D:1      | Reached XP level 1. HP: 16/16 MP: 1/1
   254 | D:1      | Gained mutation: Spells you cast may paralyse adjacent
                  | enemies. [demonic ancestry]
   254 | D:1      | Reached XP level 2. HP: 22/22 MP: 2/2
   532 | D:1      | Found a faded altar of an unknown god.
   568 | D:1      | Reached skill level 3 in Long Blades
   942 | D:2      | Reached XP level 3. HP: 27/27 MP: 3/3
  1702 | D:3      | Gained mutation: You are partially covered in molten
                  | scales. (AC +2) [demonic ancestry]
  1702 | D:3      | Reached XP level 4. HP: 34/34 MP: 4/4
  1863 | D:3      | Reached skill level 1 in Armour
  1905 | D:3      | Found an opulent altar of Gozag.
  2260 | D:3      | Reached skill level 4 in Long Blades
  2310 | D:3      | Reached XP level 5. HP: 13/40 MP: 5/5
  2777 | D:4      | Reached XP level 6. HP: 43/47 MP: 6/6
  3198 | D:4      | Found an ancient bone altar of Kikubaaqudgha.
  3234 | D:4      | Noticed a human
  3235 | D:4      | Killed a human
  3313 | D:5      | Entered Level 5 of the Dungeon
  3422 | D:5      | Reached skill level 5 in Long Blades
  3540 | D:5      | Found a hazy altar of Hepliaklqana.
  3548 | D:5      | Gained mutation: Spells you cast may paralyse nearby
                  | enemies. [demonic ancestry]
  3548 | D:5      | Reached XP level 7. HP: 22/48 MP: 7/7
  3686 | D:5      | Found a staircase to the Ecumenical Temple.
  3715 | Temple   | Entered the Ecumenical Temple
  3742 | Temple   | Became a worshipper of Sif Muna the Loreminder
  3978 | D:5      | Found Guodyocw's Book Shoppe.
  4116 | D:5      | Reached skill level 6 in Long Blades
  4614 | D:6      | HP: 2/53 [burnt (4)]
  4628 | D:6      | HP: 2/79 [burnt (3)]
  4629 | D:6      | Incinerated by a bombardier beetle

Illustrated notes

Levels and vault maps discovered:
D:1:      orjb1_clovarrival, layout_rooms, basic_ecumenical_altar,
          dk_noncrumbling_2
D:2:      layout_loops_ring, minmay_close_crescents
D:3:      layout_loops_ring, lemuel_coloured_pillars_altar
D:4:      layout_cave_pools, tgw_kikubaaqudgha, kennysheep_generic_room_12
D:5:      cheibrodos_thug_alley, layout_basic, nicolae_hepliaklqana_hazy_memory,
          minmay_temple_entry_tees, serial_shops, shop
D:6:      minmay_evil_eye, layout_layer_cave, evilmike_ruin_ashenzari,
          uniq_crazy_yiuf_cottage
Temple:   hellmonk_temple_rainy

Skill      XL: |  1  2  3  4  5  6  7 |
---------------+----------------------+-----
Dodging        | 3 4 |  4.1
Long Blades    | 3 4 5 6 |  6.1
Armour         | 1 2 |  2.6
Fighting       | 3 |  3.9
Throwing       | |  1.8
Stealth        | |  0.7

Action                     |  1- 3 |  4- 6 |  7- 9 || total
---------------------------+-------+-------+-------++-------
  Melee: Long sword        |   126 |   246 |   108 ||   480
         Punch             |       |     4 |     1 ||     5
    Use: Potion            |       |       |     4 ||     4
   Stab: Sleeping          |     1 |       |       ||     1
 Armour: Leather armour    |    87 |     5 |       ||    92
         Ring mail         |       |   201 |    67 ||   268
  Dodge: Dodged            |   114 |   189 |    71 ||   374

Table legend: (Time is in decaauts)
 A = Elapsed time spent in this place.
 B = Non-inter-level travel time spent in this place.
 C = Inter-level travel time spent in this place.
 D = Time resting spent in this place.
 E = Time spent auto-exploring this place.
 F = Levels seen in this place.
 G = Mean time per level.
                   A        B        C        D        E       F      G
               +--------+--------+--------+--------+--------+-----+--------+
         Total |   4730 |   4661 |     69 |    763 |   2600 |   7 |  675.7 |
       Dungeon |   4697 |   4628 |     69 |    763 |   2600 |   6 |  782.8 |
        Temple |     33 |     33 |      0 |      0 |      0 |   1 |   33.0 |
               +--------+--------+--------+--------+--------+-----+--------+

Top non-repeatable levels by time:
     D:5: 1227 daAuts
     D:3: 1186 daAuts
     D:4: 795 daAuts
     D:2: 771 daAuts
     D:1: 664 daAuts
     D:6: 51 daAuts
  Temple: 33 daAuts
